Map: Kairos Junction LE

Players

soO - Winner!

  • Race: Zerg Zerg
  • Spawn Location: 5:00

Stats

  • Race: Protoss Protoss
  • Spawn Location: 11:00

Event: IEM Season 13: Katowice (2019)

VOD

Have the link to the VOD?

Description

Time

  • Played on: March 3, 2019, 7:16 a.m.
  • Length: 9:43

All games in this series

Show
View Real Time Build Order
Export as new Build Order

soO Zerg - Winner!

Build Orders: Hatch First, Roach Hydra 

Get SALT Encoding   

  12  0:00  Drone  
  13  0:12  Overlord  
  13  0:16  Drone  
  14  0:30  Drone  
  15  0:39  Drone  
  16  0:48  Hatchery  
  15  0:51  Drone  
  15  0:55  Drone  
  17  0:58  Drone  
  18  1:08  Extractor  
  17  1:14  Spawning Pool  
  16  1:19  Drone  
  16  1:21  Drone  
  18  1:31  Drone  
  19  1:39  Drone  
  20  1:49  Hatchery  
  20  1:50  Drone  
  20  2:00  Queen  
  22  2:03  Drone  
  22  2:07  Drone  
  24  2:10  Drone  
  25  2:16  Overlord  
  25  2:23  Zergling x4  
  27  2:33  Zergling x2  
  28  2:37  Queen  
  28  2:41  Zergling x2  
  31  2:48  Queen  
  31  2:50  Drone  
  34  2:55  Drone x2  
  35  3:06  Drone x3  
  35  3:11  Queen  
  40  3:17  Overlord  
  40  3:20  Spore Crawler  
  40  3:21  Drone  
  40  3:26  Drone  
  41  3:29  Overlord  
  41  3:33  Drone  
  41  3:35  Overlord  
  41  3:39  Overlord  
  41  3:40  Lair  
  41  3:47  Overlord  
  42  3:48  Drone x4  
  42  3:50  Drone  
  46  3:56  Drone, Roach Warren  
  46  3:58  Drone  
  46  4:00  Drone  
  48  4:04  Drone x2  
  48  4:09  Extractor, Drone x3  
  52  4:16  Drone x3  
  55  4:18  Extractor  
  55  4:19  Drone x2  
  56  4:32  Drone  
  56  4:34  Drone  
  56  4:35  Extractor  
  56  4:37  Roach x6  
  69  4:42  Overlord  
  69  4:45  Glial Reconstitution  
  69  4:55  Overseer  
  69  4:58  Overseer  
  69  5:01  Drone x2  
  69  5:05  Drone  
  71  5:15  Overlord, Drone x3  
  71  5:16  Roach x3  
  71  5:19  Overlord  
  80  5:22  Overlord  
  80  5:24  Overlord  
  80  5:27  Overlord  
  79  5:30  Overlord  
  79  5:31  Hydralisk Den  
  79  5:33  Drone x3  
  81  5:39  Extractor  
  81  5:40  Extractor, Drone x2  
  81  5:41  Evolution Chamber  
  80  5:46  Roach  
  80  5:49  Drone x2  
  84  6:05  Roach x2, Overlord  
  84  6:07  Zerg Missile Weapons Level 1  
  88  6:11  Grooved Spines  
  88  6:16  Drone x2  
  90  6:21  Drone x2  
  90  6:24  Hydralisk x9  
  110  6:36  Hydralisk  
  110  6:37  Hydralisk x3  
  110  6:38  Roach x2  
  122  6:52  Drone x3  
  122  6:54  Roach x5  
  133  7:00  Overlord  
  133  7:06  Roach x2  
  133  7:07  Overlord  
  137  7:09  Overlord  
  137  7:13  Overlord  
  137  7:25  Muscular Augments  
  137  7:26  Roach x8  
  137  7:27  Overlord  
  137  7:29  Roach  
  155  7:32  Roach x2  
  159  7:38  Roach x3  
  159  7:42  Roach x2  
  169  7:44  Overlord  
  169  7:46  Ravager  
  169  7:47  Ravager x2  
  176  7:51  Roach x2  
  176  7:53  Overlord  
  176  7:54  Ravager  
  177  7:59  Overlord  
  177  8:04  Roach x4  
  185  8:10  Overlord  
  185  8:18  Roach x7  
  199  8:23  Roach x2  
  185  8:27  Roach x4  
  185  8:30  Roach  
  185  8:39  Roach x4  
  189  8:49  Roach x5  
  189  8:53  Ravager  
  198  8:58  Ravager  
  198  8:59  Roach  
  199  9:07  Roach x2  
  199  9:08  Roach x2  
  199  9:09  Roach  
  192  9:10  Roach, Hatchery  
  192  9:11  Roach  
  192  9:14  Roach  
  192  9:15  Roach  
  192  9:16  Roach  
  172  9:22  Roach x3  
Show
View Real Time Build Order
Export as new Build Order

Stats Protoss 

Build Orders: 1 Gate Expand, Archon Immortal, Archon Drop, Dark Templar Rush 

Get SALT Encoding   

  12  0:00  Probe  
  13  0:12  Probe  
  14  0:18  Pylon  
  14  0:24  Probe  
  15  0:32  Probe  
  15  0:37  Gateway  
  15  0:40  Probe  
  16  0:47  Assimilator  
  17  0:51  Probe  
  18  1:03  Probe  
  19  1:15  Probe  
  20  1:25  Cybernetics Core  
  20  1:33  Nexus  
  20  1:36  Probe  
  21  1:43  Pylon  
  21  1:48  Probe  
  21  1:51  Adept  
  21  1:53  Assimilator  
  22  2:00  Probe  
  23  2:04  Warp Gate  
  25  2:11  Adept  
  25  2:12  Probe  
  28  2:24  Probe  
  29  2:31  Twilight Council  
  29  2:37  Probe  
  30  2:41  Probe  
  30  2:44  Stalker  
  30  2:49  Probe x2  
  35  2:59  Probe  
  35  3:01  Probe  
  37  3:08  Robotics Facility  
  37  3:11  Probe  
  38  3:13  Probe  
  39  3:24  Probe  
  40  3:28  Dark Shrine  
  40  3:34  Probe  
  40  3:36  Gateway  
  40  3:38  Probe  
  42  3:45  Gateway  
  42  3:46  Probe, Gateway, Warp Prism  
  43  3:50  Probe  
  43  3:54  Assimilator  
  44  3:56  Assimilator  
  44  3:59  Pylon  
  46  4:05  Pylon  
  46  4:16  Pylon  
  46  4:17  Probe x2  
  46  4:22  Observer  
  49  4:29  Probe x2  
  51  4:41  Probe x2  
  51  4:44  Dark Templar x3  
  51  4:45  Dark Templar  
  61  4:46  Pylon  
  61  4:54  Probe x2  
  63  5:06  Immortal  
  63  5:08  Nexus  
  63  5:11  Pylon  
  63  5:20  Probe x2  
  69  5:22  Archon  
  69  5:27  Archon  
  69  5:30  Forge  
  69  5:32  Probe x2  
  71  5:37  Protoss Ground Weapons Level 1  
  71  5:39  Immortal  
  71  5:46  Sentry x2  
  71  5:47  Sentry x2, Pylon  
  71  5:48  Probe x2  
  85  6:02  Probe  
  86  6:05  Probe  
  86  6:07  Immortal  
  86  6:11  Charge  
  87  6:15  Pylon  
  91  6:26  Probe x3  
  91  6:29  Gateway x2  
  91  6:32  Gateway  
  94  6:34  Gateway  
  94  6:35  Immortal  
  98  6:52  Zealot x4  
  102  6:54  Pylon, Templar Archives  
  102  7:01  Probe  
  102  7:02  Probe x2  
  102  7:03  Pylon  
  102  7:05  Pylon  
  102  7:06  Shield Battery, Protoss Ground Weapons Level 2  
  105  7:12  Zealot  
  105  7:13  Zealot x2  
  105  7:15  Zealot  
  113  7:19  Immortal  
  117  7:39  Zealot x6  
  129  7:46  Zealot x2  
  133  7:53  Psionic Storm  
  133  7:55  Immortal  
  133  7:56  Assimilator x2  
  133  8:04  Pylon  
  133  8:05  Pylon  
  137  8:22  Zealot x3  
  137  8:23  Zealot x5  
  143  8:33  Immortal  
  122  8:43  Sentry x2, Zealot x4  
  122  8:44  Zealot x2  
  130  9:04  Sentry  
  130  9:05  Sentry  
  130  9:08  Zealot x4  
  130  9:09  Zealot  
  96  9:17  Zealot  
  82  9:30  Zealot  
  82  9:31  Zealot x3  
  85  9:37  Zealot x5  
  85  9:38  Zealot  

Tags
 
Add a new tag
Caveats
  • Supply blocks, unpowered buildings, or Contaminate may cause inaccurate times.
  • Supply counts are checked every 10 seconds.